 Dungeon Crawl Stone Soup version 0.21.0-25-ge575cb9 (webtiles) character file.

196 zxpr0jk the Chiller (level 5, -2/38 HPs)
             Began as a Draconian Ice Elementalist on Jan 24, 2018.
             Slain by an orc
             ... wielding a +0 hand axe
              (5 damage)
             ... on level 3 of the Dungeon.
             The game lasted 00:12:14 (3525 turns).

zxpr0jk the Chiller (Draconian Ice Elementalist)    Turns: 3525, Time: 00:12:14

Health: -2/38      AC:  5    Str: 10    XL:     5   Next: 45%
Magic:  0/10       EV: 12    Int: 15    God:
Gold:   187        SH:  0    Dex: 13    Spells: 2/11 levels left

rFire    . . .     SeeInvis .   g - +0 mace (holy)
rCold    . . .     Gourm    .   (no shield)
rNeg     . . .     Faith    .   (armour unavailable)
rPois    .         Spirit   .   (helmet restricted)
rElec    .         Reflect  .   (no cloak)
rCorr    .         Harm     .   (no gloves)
MR       .....                  (no boots)
Stlth    ++........             (no amulet)
HPRegen  0.12/turn              e - ring of flight
MPRegen  0.12/turn              (no ring)

@: very slightly contaminated, hasted, very quick
A: unfitting armour, cold-blooded, AC +5
a: Evoke Flight


You were on level 3 of the Dungeon.
You were not hungry.

You visited 1 branch of the dungeon, and saw 3 of its levels.

You collected 187 gold pieces.

Inventory:

Hand Weapons
 g - a +0 mace of holy wrath (weapon)
Missiles
 c - 50 stones (quivered)
Jewellery
 e - a ring of flight (left hand)
Scrolls
 d - 5 scrolls of identify {unknown}
 f - a scroll of blinking {unknown}
 i - a scroll of teleportation
 k - a scroll of immolation {unknown}
Books
 a - a book of Frost

   Spells                             Type                      Level
   a - Freeze                         Ice                          1
   b - Throw Frost                    Conjuration/Ice              2
   c - Ozocubu's Armour               Charms/Ice                   3
   d - Throw Icicle                   Conjuration/Ice              4
   e - Summon Ice Beast               Ice/Summoning                4
 j - a book of Cantrips

   Spells                             Type                      Level
   a - Confusing Touch                Hexes                        1
   b - Animate Skeleton               Necromancy                   1
   c - Summon Small Mammal            Summoning                    1
   d - Apportation                    Translocation                1
Comestibles
 h - 2 chunks of flesh


   Skills:
 - Level 2.0 Dodging
 - Level 2.0 Stealth
 + Level 3.9 Spellcasting
   Level 1.0 Conjurations
 + Level 4.7 Ice Magic


You had 2 spell levels left.
You knew the following spells:

 Your Spells              Type           Power        Failure   Level  Hunger
a - Freeze                Ice            ###.         2%          1    None
b - Ozocubu's Armour      Chrm/Ice       ##......     21%         3    ###....
c - Summon Ice Beast      Ice/Summ       ##......     56%         4    ####...
d - Apportation           Tloc           #.....       19%         1    None


Dungeon Overview and Level Annotations

Branches:
Dungeon (3/15)

Altars:


Innate Abilities, Weirdness & Mutations

Your plain brown scales are hard. (AC +5)
You cannot fit into any form of body armour.
You are cold-blooded and may be slowed by cold attacks.


Message History

You kill the orc!
The orc priest mumbles some strange prayers to Beogh against you.
Beogh smites you!
* * * LOW HITPOINT WARNING * * *
It was a potion of haste.
You feel yourself speed up. The orc barely misses you.
Unknown command.
You aren't carrying any potions.
Okay, then.
That item cannot be evoked!
You closely miss the orc.
Casting: Ozocubu's Armour
Confirm with . or Enter, or press ? or * to list all spells.
Aiming: Freeze
Press: ? - help, Shift-Dir - straight line, f - orc
Aim: an orc, wielding a hand axe and wearing a ring mail You freeze the orc.
The orc is heavily wounded.
The orc hits you with a hand axe.
You die...

...(.( o..... .## #
#(..... ...##. ...(..
......###.s.(#
...##......(.oo
.........#†..# ..#
...###......#### #######
..#
#.#.......oo@.####.....#
...
#.....###.###..........#
.# ###.........#
######.....#
.###..........## ###.....#
..............# #....####
.##.##........#######.####
..............##......#
.................######
...............###


You could see an orc priest and an orc.

Vanquished Creatures
  The ghost of rb the Poker, an amateur DrWn (D:3)
  An orc wizard (D:3)
  A worker ant (D:2)
  5 adders
  3 worms
  A dart slug (D:3)
  2 orcs (D:3)
  4 giant cockroaches
  2 goblins (D:1)
  2 hobgoblins
  4 jackals (D:2)
  8 bats
  5 frilled lizards
  4 kobolds
  7 rats
50 creatures vanquished.

Notes
Turn   | Place    | Note
-------+----------+-------------------------------------------
     0 | D:1      | zxpr0jk the Draconian Ice Elementalist began the quest for the Orb.
     0 | D:1      | Reached XP level 1. HP: 14/14 MP: 3/3
   658 | D:1      | Reached XP level 2. HP: 9/20 MP: 1/5
  1541 | D:2      | Reached XP level 3. HP: 26/26 MP: 1/6
  2054 | D:2      | Reached XP level 4. HP: 33/33 MP: 8/8
  2212 | D:2      | Reached skill level 4 in Ice Magic
  2217 | D:2      | Learned a level 3 spell: Ozocubu's Armour
  2222 | D:2      | Learned a level 4 spell: Summon Ice Beast
  2553 | D:3      | Noticed rb's ghost (amateur DrWn)
  2824 | D:2      | Learned a level 1 spell: Apportation
  3314 | D:3      | Killed rb's ghost
  3314 | D:3      | Reached XP level 5. HP: 23/38 MP: 3/10
  3525 | D:3      | Slain by an orc

Skill      XL: |  1  2  3  4 |
---------------+-------------+-----
Dodging        | 2 |  2.0
Stealth        | 2 |  2.0
Spellcasting   | 3 |  3.9
Ice Magic      | 4 |  4.7
Conjurations   | |  1.0

Action                   |  1- 3 |  4- 6 || total
-------------------------+-------+-------++-------
Melee: Short sword       |    10 |       ||    10
       Mace              |    20 |    61 ||    81
       Unarmed           |     6 |       ||     6
       Tailslap          |     1 |     8 ||     9
Throw: Stone             |    14 |    39 ||    53
 Cast: Freeze            |    26 |    35 ||    61
       Ozocubu's Armour  |       |     3 ||     3
       Summon Ice Beast  |       |     1 ||     1
  Use: Scroll            |     3 |       ||     3
       Potion            |       |     1 ||     1
 Stab: Sleeping          |     1 |       ||     1
  Eat: Ration            |     2 |     1 ||     3
       Chunk             |     1 |       ||     1
Armor: Skin              |    15 |    50 ||    65
Dodge: Dodged            |    43 |    69 ||   112
